TOP OF THE 1ST |
Iowa State Cyclones batting - Pitching for California Golden Bears : RHP Miguel Torbio
|
Pitching: RHP Miguel Torbio
|
|
Batting: LHB Andrew Chambers
|
0-0: Foul Ball, location: 2F 0-1: Bunted foul 0-2: Ball 1-2: Fly out, F7 (Flyball, 7S)
|
Batting: LHB Marty Gómez
|
0-0: Called Strike 0-1: Swinging Strike 0-2: Foul Ball, location: 2F 0-2: Strikes out swinging
|
Batting: RHB Wesley Wood
|
0-0: Ball 1-0: Called Strike 1-1: Ball 2-1: Ground out 6-3 (Groundball, 6)
|
Top of the 1st over - 0 runs, 0 hits, 0 errors, 0 left on base; Iowa State 0 - California 0 |
BOTTOM OF THE 1ST |
California Golden Bears batting - Pitching for Iowa State Cyclones : RHP Bill Tracy
|
Pitching: RHP Bill Tracy
|
|
Batting: SHB John Allen
|
0-0: Foul Ball, location: 2F 0-1: Foul Ball, location: 2F 0-2: Strikes out looking
|
Batting: RHB Cisco Villa
|
0-0: Ball 1-0: Fly out, F4 (Flyball, 4D)
|
Batting: RHB Sergio González
|
0-0: Foul Ball, location: 2F 0-1: Ball 1-1: Ball 2-1: Ball 3-1: Base on Balls
|
Batting: LHB Kevin Carter
|
0-0: DOUBLE (Line Drive, 89M) Sergio González to third Runner from 3rd tries for Home, SAFE, no throw
|
Batting: RHB Greg Brown
|
0-0: Swinging Strike 0-1: Swinging Strike 0-2: Strikes out looking
|
Bottom of the 1st over - 1 run, 1 hit, 0 errors, 1 left on base; Iowa State 0 - California 1 |
TOP OF THE 2ND |
Iowa State Cyclones batting - Pitching for California Golden Bears : RHP Miguel Torbio
|
Batting: LHB Alberto Paz
|
0-0: Ball 1-0: Ball 2-0: Ball 3-0: Called Strike 3-1: Base on Balls
|
Batting: RHB Danny Gilbert
|
0-0: Swinging Strike 0-1: Foul Ball, location: 2F 0-2: Ball 1-2: Ball 2-2: Foul Ball, location: 2F 2-2: Ball 3-2: Base on Balls Alberto Paz to second
|
Batting: RHB Louis García
|
0-0: Swinging Strike 0-1: Foul Ball, location: 2F 0-2: Ball 1-2: Ball 2-2: Strikes out swinging
|
Batting: RHB Ollie Johnson
|
0-0: Foul Ball, location: 2F 0-1: Fly out, F9 (Line Drive, 9S)
|
Batting: SHB Octávio Longoria
|
0-0: Swinging Strike 0-1: Ball 1-1: Foul Ball, location: 2F 1-2: Foul Ball, location: 2F 1-2: Strikes out swinging
|
Top of the 2nd over - 0 runs, 0 hits, 0 errors, 2 left on base; Iowa State 0 - California 1 |
BOTTOM OF THE 2ND |
California Golden Bears batting - Pitching for Iowa State Cyclones : RHP Bill Tracy
|
Batting: LHB Benny Marte
|
0-0: Called Strike 0-1: Ball 1-1: Ball 2-1: Swinging Strike 2-2: Foul Ball, location: 2F 2-2: Foul Ball, location: 2F 2-2: Ball 3-2: Base on Balls
|
Batting: RHB Alberto Díaz
|
0-0: Ball 1-0: Fly out, F9 (Flyball, 9S)
|
Batting: LHB Otis Johnston
|
0-0: Ball 1-0: Swinging Strike 1-1: Ball 2-1: Foul Ball, location: 2F 2-2: Ball 3-2: Base on Balls Benny Marte to second
|
Batting: RHB Clyde MacCodrum
|
0-0: Ball 1-0: Ball 2-0: Ball 3-0: Called Strike 3-1: Base on Balls Benny Marte to third Otis Johnston to second
|
Batting: SHB John Allen
|
0-0: Ball 1-0: Ball 2-0: Called Strike 2-1: Ball 3-1: Base on Balls Benny Marte scores Otis Johnston to third Clyde MacCodrum to second
|
Batting: RHB Cisco Villa
|
0-0: Called Strike 0-1: Foul Ball, location: 2F 0-2: Strikes out swinging
|
Batting: RHB Sergio González
|
0-0: Fly out, F3 (Popup, 3F)
|
Bottom of the 2nd over - 1 run, 0 hits, 0 errors, 3 left on base; Iowa State 0 - California 2 |
TOP OF THE 3RD |
Iowa State Cyclones batting - Pitching for California Golden Bears : RHP Miguel Torbio
|
Batting: LHB Chris Samuels
|
0-0: Foul Ball, location: 2F 0-1: Fly out, F8 (Flyball, 78D)
|
Batting: LHB Andrew Chambers
|
0-0: Foul Ball, location: 2F 0-1: Foul Ball, location: 2F 0-2: Fly out, F9 (Flyball, 9LDF)
|
Batting: LHB Marty Gómez
|
0-0: Ball 1-0: Swinging Strike 1-1: Foul Ball, location: 2F 1-2: Foul Ball, location: 2F 1-2: Ball 2-2: Strikes out swinging
|
Top of the 3rd over - 0 runs, 0 hits, 0 errors, 0 left on base; Iowa State 0 - California 2 |
BOTTOM OF THE 3RD |
California Golden Bears batting - Pitching for Iowa State Cyclones : RHP Bill Tracy
|
Batting: LHB Kevin Carter
|
0-0: Called Strike 0-1: Ball 1-1: Ball 2-1: Ground out 3-1 (Groundball, 34)
|
Batting: RHB Greg Brown
|
0-0: Called Strike 0-1: Ball 1-1: Ball 2-1: Ball 3-1: Swinging Strike 3-2: Strikes out looking
|
Batting: LHB Benny Marte
|
0-0: Ball 1-0: SOLO HOME RUN (Flyball, 9LD), Distance : 320 ft
|
Batting: RHB Alberto Díaz
|
0-0: Ball 1-0: Fly out, F7 (Flyball, 78S)
|
Bottom of the 3rd over - 1 run, 1 hit, 0 errors, 0 left on base; Iowa State 0 - California 3 |
TOP OF THE 4TH |
Iowa State Cyclones batting - Pitching for California Golden Bears : RHP Miguel Torbio
|
Batting: RHB Wesley Wood
|
0-0: Swinging Strike 0-1: Foul Ball, location: 2F 0-2: Strikes out swinging
|
Batting: LHB Alberto Paz
|
0-0: Ball 1-0: Foul Ball, location: 2F 1-1: Ground out U3 (Groundball, 3)
|
Batting: RHB Danny Gilbert
|
0-0: Called Strike 0-1: Ball 1-1: Foul Ball, location: 2F 1-2: Foul Ball, location: 2F 1-2: Ball 2-2: Strikes out swinging
|
Top of the 4th over - 0 runs, 0 hits, 0 errors, 0 left on base; Iowa State 0 - California 3 |
BOTTOM OF THE 4TH |
California Golden Bears batting - Pitching for Iowa State Cyclones : RHP Bill Tracy
|
Batting: LHB Otis Johnston
|
0-0: Foul Ball, location: 2F 0-1: Fly out, F9 (Flyball, 9LSF)
|
Batting: RHB Clyde MacCodrum
|
0-0: Ball 1-0: Foul Ball, location: 2F 1-1: Swinging Strike 1-2: Ball 2-2: DOUBLE (Flyball, 9LD)
|
Batting: SHB John Allen
|
0-0: Ball 1-0: Ground out 4-3 (Groundball, 4) Clyde MacCodrum to third
|
Batting: RHB Cisco Villa
|
0-0: Ground out 6-3 (Groundball, 6)
|
Bottom of the 4th over - 0 runs, 1 hit, 0 errors, 1 left on base; Iowa State 0 - California 3 |
TOP OF THE 5TH |
Iowa State Cyclones batting - Pitching for California Golden Bears : RHP Miguel Torbio
|
Batting: RHB Louis García
|
0-0: Called Strike 0-1: Ball 1-1: Fly out, F9 (Flyball, 9LMF)
|
Batting: RHB Ollie Johnson
|
0-0: Ball 1-0: Ball 2-0: Ball 3-0: Base on Balls
|
Batting: SHB Octávio Longoria
|
0-0: Called Strike Ollie Johnson steals 2nd base 0-1: Ball 1-1: Ball 2-1: 2-RUN HOME RUN (Flyball, 9D), Distance : 371 ft
|
Batting: LHB Chris Samuels
|
0-0: Ball 1-0: Ball 2-0: Ball 3-0: Base on Balls
|
Batting: LHB Andrew Chambers
|
0-0: Called Strike 0-1: Ball 1-1: Called Strike 1-2: Ball 2-2: Foul Ball, location: 2F 2-2: Strikes out looking
|
Pitching: RHP Claudio García
|
|
Batting: LHB Marty Gómez
|
0-0: Ball 1-0: Called Strike 1-1: Foul Ball, location: 2F 1-2: Ball 2-2: SINGLE (Groundball, 3D) Chris Samuels to second Runner from 2nd tries for 3rd, SAFE, throw made to third
|
Batting: RHB Wesley Wood
|
0-0: Ball 1-0: DOUBLE (Flyball, 89D) Chris Samuels scores Marty Gómez to third Runner from 3rd tries for Home, SAFE, no throw
|
Batting: LHB Alberto Paz
|
0-0: Reached via error on a dropped throw, E1 Wesley Wood to third
|
Batting: RHB Danny Gilbert
|
0-0: Ball 1-0: Fielders Choice at 2nd, 6-4 (Groundball, 6)
|
Top of the 5th over - 4 runs, 3 hits, 1 error, 2 left on base; Iowa State 4 - California 3 |
BOTTOM OF THE 5TH |
California Golden Bears batting - Pitching for Iowa State Cyclones : RHP Bill Tracy
|
Batting: RHB Sergio González
|
0-0: Ball 1-0: Ball 2-0: Ball 3-0: Base on Balls
|
Batting: LHB Kevin Carter
|
0-0: Ball 1-0: Ball 2-0: Foul Ball, location: 2F 2-1: Ball 3-1: Base on Balls Sergio González to second
|
Batting: RHB Greg Brown
|
0-0: Fly out, F9 (Flyball, 9)
|
Batting: LHB Benny Marte
|
0-0: Ball 1-0: Fly out, F8 (Flyball, 78D)
|
Pitching: RHP Chad Curtis
|
|
Batting: RHB Alberto Díaz
|
0-0: Called Strike 0-1: SINGLE (Line Drive, 9) Sergio González to third Kevin Carter to second Runner from 3rd tries for Home, SAFE, no throw
|
Batting: LHB Otis Johnston
|
0-0: Called Strike 0-1: Ball 1-1: Foul Ball, location: 2F 1-2: Ball 2-2: Foul Ball, location: 2F 2-2: Foul Ball, location: 2F 2-2: Ball 3-2: Foul Ball, location: 2F 3-2: Strikes out looking
|
Bottom of the 5th over - 1 run, 1 hit, 0 errors, 2 left on base; Iowa State 4 - California 4 |
TOP OF THE 6TH |
Iowa State Cyclones batting - Pitching for California Golden Bears : RHP Claudio García
|
Batting: RHB Louis García
|
0-0: Reached on error, E3 (Groundball, 34S)
|
Batting: RHB Ollie Johnson
|
0-0: Called Strike 0-1: Ground out 4-3 (Groundball, 4) Louis García to third
|
Batting: SHB Octávio Longoria
|
0-0: SINGLE (Flyball, 7LS) Louis García scores
|
Batting: LHB Chris Samuels
|
0-0: Called Strike 0-1: Foul Ball, location: 2F 0-2: Ball 1-2: Strikes out swinging
|
Batting: LHB Andrew Chambers
|
0-0: Ball 1-0: Swinging Strike 1-1: Foul Ball, location: 2F Balk! Octávio Longoria to second 1-2: Ground out 4-3 (Groundball, 4)
|
Top of the 6th over - 1 run, 1 hit, 1 error, 1 left on base; Iowa State 5 - California 4 |
BOTTOM OF THE 6TH |
California Golden Bears batting - Pitching for Iowa State Cyclones : RHP Chad Curtis
|
Batting: RHB Clyde MacCodrum
|
0-0: Swinging Strike 0-1: Ball 1-1: Foul Ball, location: 2F 1-2: Ground out 1-3 (Groundball, 15)
|
Batting: SHB John Allen
|
0-0: Ball 1-0: Called Strike 1-1: Ground out 4-3 (Groundball, 4)
|
Batting: RHB Cisco Villa
|
0-0: Ball 1-0: Foul Ball, location: 2F 1-1: Ball 2-1: Foul Ball, location: 2F 2-2: Ground out 4-3 (Groundball, 4S)
|
Bottom of the 6th over - 0 runs, 0 hits, 0 errors, 0 left on base; Iowa State 5 - California 4 |
TOP OF THE 7TH |
Iowa State Cyclones batting - Pitching for California Golden Bears : RHP Claudio García
|
Batting: LHB Marty Gómez
|
0-0: Foul Ball, location: 2F 0-1: Ball 1-1: Swinging Strike 1-2: Strikes out swinging
|
Batting: RHB Wesley Wood
|
0-0: Called Strike 0-1: Swinging Strike 0-2: Strikes out looking
|
Batting: LHB Alberto Paz
|
0-0: Ball 1-0: Called Strike 1-1: Ball 2-1: SOLO HOME RUN (Flyball, 7LD), Distance : 339 ft
|
Pitching: RHP Dexter Miller
|
|
Batting: RHB Danny Gilbert
|
0-0: Called Strike 0-1: Ball 1-1: Swinging Strike 1-2: Ball 2-2: Foul Ball, location: 2F 2-2: Fly out, F3 (Line Drive, 3)
|
Top of the 7th over - 1 run, 1 hit, 0 errors, 0 left on base; Iowa State 6 - California 4 |
BOTTOM OF THE 7TH |
California Golden Bears batting - Pitching for Iowa State Cyclones : RHP Chad Curtis
|
Batting: RHB Sergio González
|
0-0: Ball 1-0: Fly out, F7 (Line Drive, 7)
|
Batting: LHB Kevin Carter
|
0-0: Ball 1-0: Ball 2-0: Called Strike 2-1: Ball 3-1: Foul Ball, location: 2F 3-2: Base on Balls
|
Batting: RHB Greg Brown
|
0-0: Ball 1-0: Foul Ball, location: 2F 1-1: Grounds into double play, 4-6-3 (Groundball, 4)
|
Bottom of the 7th over - 0 runs, 0 hits, 0 errors, 0 left on base; Iowa State 6 - California 4 |
TOP OF THE 8TH |
Iowa State Cyclones batting - Pitching for California Golden Bears : RHP Dexter Miller
|
Batting: RHB Louis García
|
0-0: Ball 1-0: Ball 2-0: Swinging Strike 2-1: Ball 3-1: Foul Ball, location: 2F 3-2: Foul Ball, location: 2F 3-2: Fly out, F8 (Flyball, 89D)
|
Batting: RHB Ollie Johnson
|
0-0: Ball 1-0: Called Strike 1-1: Called Strike 1-2: Ball 2-2: Strikes out swinging
|
Batting: SHB Octávio Longoria
|
0-0: Called Strike 0-1: Ball 1-1: Ball 2-1: Ball 3-1: Foul Ball, location: 2F 3-2: Foul Ball, location: 2F 3-2: Base on Balls
|
Batting: LHB Chris Samuels
|
0-0: Called Strike 0-1: Ball 1-1: Ball 2-1: Ball 3-1: Base on Balls Octávio Longoria to second
|
Batting: LHB Andrew Chambers
|
0-0: Swinging Strike 0-1: SINGLE (Groundball, 56D) Octávio Longoria to third Chris Samuels to second Runner from 3rd tries for Home, SAFE, no throw
|
Batting: LHB Marty Gómez
|
0-0: Called Strike 0-1: Called Strike 0-2: Foul Ball, location: 2F 0-2: Strikes out swinging
|
Top of the 8th over - 1 run, 1 hit, 0 errors, 2 left on base; Iowa State 7 - California 4 |
BOTTOM OF THE 8TH |
California Golden Bears batting - Pitching for Iowa State Cyclones : RHP Chad Curtis
|
Batting: LHB Benny Marte
|
0-0: Ball 1-0: Ball 2-0: Ball 3-0: Base on Balls
|
Batting: RHB Alberto Díaz
|
0-0: Ball 1-0: Reached on error, E5 (Groundball, 56) Benny Marte to second
|
Batting: LHB Otis Johnston
|
0-0: Ball 1-0: SINGLE (Groundball, 6MD) Benny Marte to third Alberto Díaz to second
|
Pitching: RHP Joe Miller
|
|
Batting: RHB Clyde MacCodrum
|
0-0: Ball 1-0: Called Strike 1-1: Ball 2-1: Fly out, F7 (Flyball, 78S)
|
Batting: SHB John Allen
|
0-0: Ball 1-0: Called Strike 1-1: Called Strike 1-2: Strikes out swinging
|
Batting: RHB Cisco Villa
|
0-0: Ball Balk! Benny Marte scores Alberto Díaz to third Otis Johnston to second 1-0: Fly out, F8 (Flyball, 89D)
|
Bottom of the 8th over - 1 run, 1 hit, 1 error, 2 left on base; Iowa State 7 - California 5 |
TOP OF THE 9TH |
Iowa State Cyclones batting - Pitching for California Golden Bears : RHP Dexter Miller
|
Batting: RHB Wesley Wood
|
0-0: Called Strike 0-1: Foul Ball, location: 2F 0-2: Ball 1-2: Strikes out looking
|
Batting: LHB Alberto Paz
|
0-0: Called Strike 0-1: Swinging Strike 0-2: DOUBLE (Line Drive, 7LM)
|
Batting: RHB Danny Gilbert
|
0-0: Ball Alberto Paz steals 3rd base 1-0: Ball 2-0: Fly out, F9 (Flyball, 9D) Runner from 3rd tags up, SCORES, no throw
|
Batting: RHB Louis García
|
0-0: Ball 1-0: Ball 2-0: Ball 3-0: Base on Balls
|
Pitching: RHP Esteban Ortega
|
|
Batting: RHB Ollie Johnson
|
0-0: Ball Louis García steals 2nd base 1-0: Foul Ball, location: 2F 1-1: Ball 2-1: Foul Ball, location: 2F 2-2: Ball 3-2: Base on Balls
|
Batting: SHB Octávio Longoria
|
0-0: Called Strike 0-1: Hit by Pitch Louis García to third Ollie Johnson to second
|
Pinch Hitting: LHB Dale González
|
0-0: Foul Ball, location: 2F 0-1: Foul Ball, location: 2F 0-2: Ball 1-2: Foul Ball, location: 2F 1-2: SINGLE (Groundball, 4D) Louis García scores Ollie Johnson to third Octávio Longoria to second Runner from 3rd tries for Home, throw and OUT!
|
Top of the 9th over - 2 runs, 2 hits, 0 errors, 2 left on base; Iowa State 9 - California 5 |
BOTTOM OF THE 9TH |
California Golden Bears batting - Pitching for Iowa State Cyclones : RHP Joe Miller
|
Now in RF: Jeff MacKinney
|
|
Batting: RHB Sergio González
|
0-0: Called Strike 0-1: Foul Ball, location: 2F 0-2: Ball 1-2: Ball 2-2: Ground out 5-3 (Groundball, 56)
|
Batting: LHB Kevin Carter
|
0-0: Swinging Strike 0-1: Ball 1-1: Hit by Pitch
|
Batting: RHB Greg Brown
|
0-0: Ball 1-0: Ball 2-0: Called Strike 2-1: Foul Ball, location: 2F 2-2: Ball 3-2: SINGLE (Flyball, 7S) Kevin Carter to second
|
Pitching: RHP Tom Thomas
|
|
Batting: LHB Benny Marte
|
0-0: Called Strike 0-1: Ball 1-1: DOUBLE (Flyball, 8LXD) Kevin Carter scores Greg Brown to third
|
Batting: RHB Alberto Díaz
|
0-0: Foul Ball, location: 2F 0-1: Called Strike 0-2: Ball 1-2: Strikes out swinging
|
Batting: LHB Otis Johnston
|
0-0: Called Strike 0-1: Ball 1-1: Foul Ball, location: 2F 1-2: Ball 2-2: Foul Ball, location: 2F 2-2: Foul Ball, location: 2F 2-2: Foul Ball, location: 2F 2-2: 3-RUN HOME RUN (Flyball, 9D), Distance : 366 ft
|
Pinch Hitting: RHB Gabriel Lucero
|
0-0: Ball 1-0: Ball 2-0: Ball 3-0: Called Strike 3-1: Base on Balls
|
Pinch Runner at 1st B.J. Ware:
|
|
Batting: SHB John Allen
|
0-0: Ball B.J. Ware steals 2nd base 1-0: Ball 2-0: Ball 3-0: Called Strike 3-1: Base on Balls
|
Batting: RHB Cisco Villa
|
0-0: Foul Ball, location: 2F 0-1: Ground out U3 (Groundball, 34)
|
Bottom of the 9th over - 4 runs, 3 hits, 0 errors, 2 left on base; Iowa State 9 - California 9 |
TOP OF THE 10TH |
Iowa State Cyclones batting - Pitching for California Golden Bears : RHP Esteban Ortega
|
Now in CF: B.J. Ware
|
|
Batting: LHB Andrew Chambers
|
0-0: Ball 1-0: Called Strike 1-1: Ball 2-1: Ball 3-1: Base on Balls
|
Batting: LHB Marty Gómez
|
0-0: Called Strike 0-1: Ball 1-1: Swinging Strike 1-2: Ball 2-2: Strikes out swinging
|
Batting: RHB Wesley Wood
|
0-0: Ball 1-0: Called Strike 1-1: Ball 2-1: Ball 3-1: Swinging Strike 3-2: Strikes out swinging
|
Batting: LHB Alberto Paz
|
0-0: Called Strike 0-1: Ground out 4-3 (Groundball, 4)
|
Top of the 10th over - 0 runs, 0 hits, 0 errors, 1 left on base; Iowa State 9 - California 9 |
BOTTOM OF THE 10TH |
California Golden Bears batting - Pitching for Iowa State Cyclones : RHP Tom Thomas
|
Pitching: RHP Luis Pagán
|
|
Batting: RHB Sergio González
|
0-0: SOLO HOME RUN (Flyball, 9LD), Distance : 330 ft
|
Saturday, April 7th, 2018 - OOTP Baseball 18.8 Build 76
|
|